 Dungeon Crawl Stone Soup version 0.18-a0-1800-gdc7a371 (webtiles) character file.

137 4thArraOfDagon the Bolt Thrower (level 5, 0/37 HPs)
             Began as a Mummy Arcane Marksman on Apr 24, 2016.
             Slain by an adder (4 damage)
             ... on level 3 of the Dungeon.
             The game lasted 00:02:58 (464 turns).

4thArraOfDagon the Bolt Thrower (MuAM)               Turns: 464, Time: 00:02:59

Health: 0/37       AC:  5    Str: 14    XL:     5   Next: 0%
Magic:  5/6        EV: 10    Int: 13    God:
Gold:   30         SH:  0    Dex: 12    Spells: 1 memorised, 5 levels left

rFire  x . .     SeeInvis .     e - -1 spear (curse)
rCold  + . .     Gourm    .     f - +0 ring mail
rNeg   + + +     Faith    .     (no shield)
rPois  ∞         Spirit   .     (no helmet)
rElec  .         Dismiss  .     (no cloak)
rCorr  .         Reflect  .     (no gloves)
SustAt .         Harm     .     (no boots)
MR     .....                    (no amulet)
Stlth  +.........               (no ring)
                                (no ring)

@: not resistant to hostile enchantments, very unstealthy
A: no food or potions, fire vulnerability, cold resistance 1, negative energy
resistance 3, torment resistance, unbreathing
a: no special abilities


You were on level 3 of the Dungeon.
You were not hungry.

You visited 1 branch of the dungeon, and saw 3 of its levels.

You collected 30 gold pieces.

Inventory:

Hand Weapons
 a - a +0 hand crossbow
 b - a +0 dagger
 e - a cursed -1 spear (weapon)
Missiles
 d - 10 bolts
Armour
 f - a +0 ring mail (worn)
Books
 c - a book of Debilitation

   Spells                             Type                      Level
   a - Corona                         Hexes                        1
   b - Slow                           Hexes                        2
   c - Gell's Gravitas                Hexes/Translocation          3
   d - Inner Flame                    Hexes/Fire                   3
   e - Cause Fear                     Hexes                        4
   f - Leda's Liquefaction            Hexes/Earth                  4


   Skills:
 - Level 1.0 Fighting
 * Level 4.3 Crossbows
 - Level 1.5 Dodging
 - Level 1.0 Spellcasting
 - Level 2.6 Hexes


You had 5 spell levels left.
You knew the following spells:

 Your Spells              Type           Power        Failure   Level  Hunger
a - Corona                Hex            #......      24%         1    N/A

Dungeon Overview and Level Annotations

Branches:
Dungeon (3/15)

Altars:


Innate Abilities, Weirdness & Mutations

You do not eat or drink.
Your flesh is vulnerable to fire.
You are immune to poison.
Your flesh is cold resistant.
You are immune to negative energy.
You are immune to unholy pain and torment.
You can survive without breathing.


Message History

You hit the adder.
The adder is heavily wounded.
The adder bites you.
* * * LOW HITPOINT WARNING * * *
You completely miss the adder.
The adder is heavily wounded.
The adder barely misses you.
You hit the adder but do no damage.
The adder is heavily wounded.
The adder barely misses you. The adder bites you.
* * * LOW HITPOINT WARNING * * *
You barely miss the adder.
The adder is heavily wounded.
The adder closely misses you.
You closely miss the adder.
The adder is heavily wounded.
The adder bites you.
* * * LOW HITPOINT WARNING * * *
The adder bites you.
You die...

.. .. .##
.S# #.#
#.#
#######.#
#.S..%..#
#@#######
#.# #.#
######.#
#......#
#.######
#.# #.#
#.#


You could see an adder.

Vanquished Creatures
  4 orc wizards (D:3)
  2 worms
  A giant gecko (D:3)
  6 orcs (D:3)
  A goblin (D:2)
  2 hobgoblins (D:3)
  A jackal (D:3)
  2 kobolds (D:3)
  A rat (D:3)
20 creatures vanquished.

Notes
Turn   | Place    | Note
--------------------------------------------------------------
     0 | D:1      | 4thArraOfDagon the Mummy Arcane Marksman began the quest for the Orb.
     0 | D:1      | Reached XP level 1. HP: 15/15 MP: 2/2
    42 | D:2      | Reached skill level 2 in Crossbows
    94 | D:3      | Reached XP level 2. HP: 21/21 MP: 3/3
   166 | D:3      | Reached skill level 3 in Crossbows
   166 | D:3      | Reached XP level 3. HP: 13/26 MP: 4/4
   187 | D:3      | Reached XP level 4. HP: 6/32 MP: 5/5
   229 | D:3      | Reached skill level 4 in Crossbows
   405 | D:3      | Reached XP level 5. HP: 8/37 MP: 6/6
   464 | D:3      | Slain by an adder

Vault maps used:
D:1:      minmay_arrival_diagonal_passages
D:2:      minmay_stone_trees_small
D:3:      grunt_dithmenos_smoke, fedhas_altar_3, lemuel_round_altar,
          uniq_sigmund

Skill      XL: |  1  2  3  4 |
---------------+-------------+-----
Crossbows      | 2 3 4 |  4.3
Fighting       | |  1.0
Dodging        | |  1.5
Spellcasting   | |  1.0
Hexes          | |  2.6

Action                   |  1- 3 |  4- 6 || total
-------------------------+-------+-------++-------
Melee: Spear             |       |    19 ||    19
 Fire: Hand crossbow     |    32 |    35 ||    67
 Cast: Corona            |       |     1 ||     1
Armor: Ring mail         |       |    17 ||    17
       Robe              |       |     1 ||     1
Dodge: Dodged            |     1 |    23 ||    24
